 Dungeon Crawl Stone Soup version 0.19-a0-1260-gc94d3f7 (webtiles) character file.

613 Vasilisck the Covered (level 7, -2/64 HPs)
             Began as a Deep Dwarf Fighter on Aug 28, 2016.
             Killed by divine providence
             ... invoked by an orc priest
              (9 damage)
             ... on level 5 of the Dungeon.
             The game lasted 00:14:08 (3675 turns).

Vasilisck the Covered (Deep Dwarf Fighter)          Turns: 3675, Time: 00:14:09

Health: -2/64      AC: 10    Str: 19 (21) XL:     7   Next: 20%
Magic:  6/6        EV:  7    Int:  9      God:
Gold:   252        SH:  9    Dex:  9 (12) Spells: 0 memorised, 6 levels left

rFire  . . .     SeeInvis .     a - +1 war axe
rCold  . . .     Gourm    .     b - +0 scale mail
rNeg   . . .     Faith    .     c - +0 shield
rPois  .         Spirit   .     (no helmet)
rElec  .         Dismiss  .     x - +0 cloak
rCorr  .         Reflect  .     (no gloves)
MR     ++...     Harm     .     k - +0 pair of boots
Stlth  ..........               (no amulet)
                                (no ring)
                                s - ring of protection from magic

@: very slightly contaminated, starving, non-regenerating, hasted, very quick
A: damage resistance, recharge devices, sense surroundings 1, slow regeneration
3
a: Device Recharging


You were on level 5 of the Dungeon.
You were starving.

You visited 1 branch of the dungeon, and saw 5 of its levels.

You collected 252 gold pieces.

Inventory:

Hand Weapons
 a - a +1 war axe (weapon)
Armour
 b - a +0 scale mail (worn)
 c - a +0 shield (worn)
 k - a +0 pair of boots (worn)
 x - a +0 cloak (worn)
Jewellery
 s - a ring of protection from magic (left hand)
Wands
 e - a wand of heal wounds (4/9)
 u - a wand of random effects (15/48)
 w - a wand of flame (29/48)
Scrolls
 d - 2 scrolls of identify
 h - 3 scrolls of amnesia
 j - 3 scrolls of teleportation
 l - a scroll of enchant weapon
 o - a scroll of fog {unknown}
 p - 2 scrolls of immolation
 q - 2 scrolls of remove curse
Potions
 g - 2 potions of curing
 i - a potion of haste
 m - 2 potions of lignification
 r - a potion of agility {unknown}
Comestibles
 f - 6 bread rations
 n - a beef jerky
 z - 3 fruits


   Skills:
 + Level 4.2 Fighting
 + Level 4.7 Axes
 + Level 5.5 Armour
 + Level 5.4 Shields


You had 6 spell levels left.
You didn't know any spells.

Dungeon Overview and Level Annotations

Branches:
Dungeon (5/15)
 Temple: D:4-7

Altars:
Ashenzari
Cheibriados
Gozag
Hepliaklqana
Kikubaaqudgha
Trog


Innate Abilities, Weirdness & Mutations

You are resistant to damage.
You can recharge devices by infusing magical energy.
You passively map a small area around you.
You do not regenerate.


Message History

* * * LOW HITPOINT WARNING * * *
You hear a shout!
You closely miss something.
You hear some strange, mumbled words.
A puff of flame appears from out of thin air!
The puff of flame hits you!
* * * LOW HITPOINT WARNING * * *
You barely miss something.
Your shield and scale mail prevent you from hitting something.
Something hits you but does no damage.
You miss something.
An orc wizard appears from thin air!
Reactivating autopickup.
The orc wizard mumbles some strange words.
The orc wizard flickers and vanishes!
Deactivating autopickup; reactivate with Ctrl-A.
You miss something. You block something's attack.
You barely miss something. Something hits you but does no damage.
The orc priest calls down the wrath of Beogh upon you.
Beogh smites you!
You die...

* ,
###.#.#.###.#.#
#.>.#
###.............#
##..# *
........#.....#.#
#..#
#######.#.#####.#
#..# *
#######.### ###
#..### ,
..........#
#...(.
,#######.#.#
#.####
#.......#.# #.#
#.......#@# #.# ,
#########{# #.#


oo.o..oo# #.# ######### *#.# ,, , ,..# * * #.# You could see an orc priest and
an orc.

Vanquished Creatures
  Menkaure (D:5)
  The ghost of Vasilisck the Firebug, an amateur HEFE (D:3)
  A big kobold (D:4)
  A water moccasin zombie (D:5)
  An orc priest (D:3)
  2 worker ants (D:4)
  4 gnolls (D:2)
  6 adders
  An adder skeleton (D:4)
  3 worms
  4 dart slugs
  5 giant geckos
  11 orcs
  4 giant cockroaches
  9 goblins
  6 hobgoblins
  8 jackals
  3 quokkas
  2 ball pythons
  9 bats
  A giant gecko skeleton (D:5)
  3 giant newts
  7 kobolds
  A quokka skeleton (D:5)
  11 rats
105 creatures vanquished.

Notes
Turn   | Place    | Note
-------+----------+-------------------------------------------
     0 | D:1      | Vasilisck the Deep Dwarf Fighter began the quest for the Orb.
     0 | D:1      | Reached XP level 1. HP: 20/20 MP: 1/1
   109 | D:1      | Reached XP level 2. HP: 27/27 MP: 2/2
   455 | D:1      | Reached XP level 3. HP: 25/34 MP: 3/3
   968 | D:2      | Reached XP level 4. HP: 42/42 MP: 4/4
  1097 | D:2      | Found a shattered altar of Ashenzari.
  1494 | D:2      | Reached XP level 5. HP: 11/49 MP: 5/5
  1855 | D:3      | Noticed Vasilisck's ghost (amateur HEFE)
  1881 | D:3      | Killed Vasilisck's ghost
  1902 | D:3      | Found a hazy altar of Hepliaklqana.
  1928 | D:3      | Found a bloodstained altar of Trog.
  1958 | D:3      | Found a snail-covered altar of Cheibriados.
  1958 | D:3      | Found an ancient bone altar of Kikubaaqudgha.
  2074 | D:3      | Reached XP level 6. HP: 32/57 MP: 6/6
  2678 | D:4      | Reached skill level 5 in Armour
  2887 | D:4      | Reached skill level 5 in Shields
  2958 | D:5      | Entered Level 5 of the Dungeon
  3221 | D:5      | Noticed Menkaure
  3226 | D:5      | Killed Menkaure
  3226 | D:5      | Reached XP level 7. HP: 35/64 MP: 6/6
  3391 | D:5      | Found an opulent altar of Gozag.
  3675 | D:5      | Killed from afar by an orc priest

Vault maps used:
D:1:      lightli_arrival_statuegarden
D:2:      ashenzari_altar_1, first_bread, st_stairs_11
D:3:      grunt_temple_overflow_open
D:4:      lexackson_kobold_supper
D:5:      nicolae_gozag_seed_capital, uniq_eustachio, uniq_menkaure

Skill      XL: |  1  2  3  4  5  6 |
---------------+-------------------+-----
Fighting       | 3 4 |  4.2
Armour         | 4 5 |  5.5
Axes           | 3 4 |  4.7
Shields        | 4 5 |  5.4

Action                   |  1- 3 |  4- 6 |  7- 9 || total
-------------------------+-------+-------+-------++-------
Melee: War axe           |   112 |   309 |    54 ||   475
 Abil: Device Recharging |       |     1 |       ||     1
Evoke: Wand              |     1 |     5 |       ||     6
  Use: Potion            |       |     8 |     2 ||    10
       Scroll            |       |     8 |       ||     8
  Eat: Chunk             |       |     4 |       ||     4
       Beef jerky        |       |     2 |       ||     2
       Fruit             |       |     1 |       ||     1
Armor: Scale mail        |    50 |   110 |    29 ||   189
Dodge: Dodged            |    38 |    81 |     5 ||   124
Block: Shield            |    69 |   163 |    11 ||   243
